 Dungeon Crawl Stone Soup version 0.30-a0-802-gb92711bcdf (webtiles) character file.

Game seed: 15543172286528329305

120 Newt the Trooper (level 4, -2/38 HPs)
             Began as a Demonspawn Gladiator on Feb 23, 2023.
             Slain by a black bear (5 damage)
             ... on level 4 of the Dungeon.
             The game lasted 00:03:32 (3309 turns).

Newt the Trooper (Demonspawn Gladiator)             Turns: 3309, Time: 00:03:33

Health: -2/38      AC:  5    Str: 16    XL:     4   Next: 75%
Magic:  0/13       EV: 12    Int:  9    God:
Gold:   124        SH:  0    Dex: 15    Spells: 3/3 levels left

rFire   . . .      SeeInvis .    f - +0 hand axe (heavy)
rCold   . . .      Faith    .    (no shield)
rNeg    . . .      Spirit   +    b - +0 leather armour
rPois   .          Reflect  .    (helmet restricted)
rElec   .          Harm     .    (no cloak)
rCorr   .          Rampage  .    e - +0 pair of gloves
Will    .....                    p - +0 pair of boots
Stlth   ++                       r - amulet of guardian spirit
HPRegen 0.26/turn                n - ring of flight
MPRegen 0.13/turn                v - ring of magical power

@: flying, hasted, very quick
A: antennae 1
a: no special abilities


You were on level 4 of the Dungeon.
You visited 1 branch of the dungeon, and saw 4 of its levels.

You collected 249 gold pieces.
You spent 125 gold pieces at shops.

Inventory:

Hand Weapons
 a - a +0 rapier
 f - a +0 heavy hand axe (weapon)
Missiles
 d - 2 throwing nets (quivered)
 h - 4 silver boomerangs
Armour
 b - a +0 leather armour (worn)
 c - a +0 helmet
 e - a +0 pair of gloves (worn)
 p - a +0 pair of boots (worn)
Jewellery
 n - a ring of flight (left hand)
 r - an amulet of guardian spirit (around neck)
 v - a ring of magical power (right hand)
Wands
 m - a wand of mindburst (7)
Scrolls
 u - a scroll of amnesia {unknown}
Potions
 g - 2 potions of brilliance
 i - a potion of might
 j - a potion of haste
 l - a potion of cancellation
 o - a potion of lignification
 q - a potion of mutation
 s - a potion of magic {unknown}


   Skills:
 + Level 4.7 Fighting
 - Level 2.6 Short Blades
 - Level 1.7 Throwing
 - Level 2.6 Dodging
 - Level 1.5 Stealth


You had 3 spell levels left.
You didn't know any spells.
Your spell library contained the following spells:

 Spells                   Type           Power      Damage    Failure   Level
 Sublimation of Blood     Necr           0%         N/A       58%         2
 Wereblood                Tmut           0%         N/A       58%         2
 Summon Hydra             Summ           0%         N/A       100%        7


Dungeon Overview and Level Annotations

Branches:
Dungeon (4/15)
 Temple: D:4-7

Altars:
Ru

Shops:
D:1 *


Innate Abilities, Weirdness & Mutations

You have a pair of small antennae on your head.


Message History

The black bear claws you but does no damage.
The black bear barely misses you.
You hit the black bear.
The black bear is severely wounded.
The black bear bites you.
The black bear claws you but does no damage. x2
You hit the black bear.
The black bear is severely wounded.
The black bear goes berserk!
You hit the black bear.
The black bear is almost dead.
The black bear bites you!
The black bear claws you but does no damage.
The black bear barely misses you. The black bear bites you.
The black bear misses you. The black bear claws you.
The black bear completely misses you. The black bear closely misses you.
The black bear claws you.
You barely miss the black bear.
The black bear is almost dead.
The black bear bites you but does no damage.
The black bear closely misses you. The black bear claws you.
The black bear bites you!
* * * LOW HITPOINT WARNING * * *
The black bear claws you.
* * * LOW HITPOINT WARNING * * *
The black bear claws you.
* * * LOW HITPOINT WARNING * * *
Okay, then.
Throw: javelin
Press: ? - help, Shift-Dir - straight line, f - black bear
Aim: a black bear (almost dead, berserk, 68% to hit)
You throw a javelin.
The javelin pierces through the black bear.
The black bear is almost dead.
The javelin pierces through the ogre.
The ogre is lightly wounded.
The black bear bites you.
* * * LOW HITPOINT WARNING * * *
The black bear barely misses you. The black bear claws you.
You die...

#.........
#############.........
#.....##.......#######
#....[.#....#...#
##......'....#...#
#.......#....#...#
+.......#....+...#
##.....##...######
#....@######
..######h##...+
........OK....#
..............#
####.....##...#
####### ...# ..# .# .)


You could see a black bear (berserk), an ogre and a kobold.

Vanquished Creatures
  Terence (D:3)
  Robin (D:3)
  3 worms (D:2)
  3 dart slugs
  3 orcs (D:3)
  A bat (D:1)
  7 endoplasms
  3 giant cockroaches
  16 goblins
  5 hobgoblins
  2 jackals (D:2)
  A kobold (D:1)
  4 quokkas
  4 ball pythons (D:2)
  2 frilled lizards
  2 rats (D:1)
58 creatures vanquished.

Notes
Turn   | Place    | Note
-------+----------+-------------------------------------------
     0 | D:1      | Newt the Demonspawn Gladiator began the quest for the Orb.
     0 | D:1      | Reached XP level 1. HP: 16/16 MP: 1/1
   110 | D:1      | Found a faded altar of an unknown god.
   193 | D:1      | Reached skill level 1 in Stealth
   389 | D:1      | Discovered your monstrous ancestry.
   389 | D:1      | Gained mutation: You have a pair of small antennae on your
                  | head. [demonic ancestry]
   389 | D:1      | Reached XP level 2. HP: 7/22 MP: 2/2
   731 | D:1      | Found Useacoh's Assorted Antiques.
   963 | D:1      | You fall into a shaft and drop 1 floor!
  1012 | D:2      | Reached skill level 3 in Fighting
  1012 | D:2      | Reached XP level 3. HP: 16/29 MP: 3/3
  1516 | D:1      | Bought a triangular platinum amulet for 125 gold pieces
  1878 | D:3      | Noticed Terence
  1886 | D:3      | Killed Terence
  1887 | D:3      | Reached skill level 4 in Fighting
  1887 | D:3      | Reached XP level 4. HP: 29/37 MP: 4/4
  2091 | D:3      | Found a sacrificial altar of Ru.
  2835 | D:3      | Identified the +2 helmet "Nupn" {rF+ rC- Regen+}
  2835 | D:3      | Noticed Robin
  2848 | D:3      | Killed Robin
  3292 | D:4      | Noticed an ogre
  3292 | D:4      | Noticed a black bear
  3309 | D:4      | Slain by a black bear

Illustrated notes

Levels and vault maps discovered:
D:1:      amcnicky_arrival_blooded_trapdoor, layout_basic,
          hellmonk_ecumenical_altar_run_dry, serial_shops,
          nicolae_shop_waterfront
D:2:      layout_rooms, hangedman_abyss_or_decor_stabs, grunt_ministairs_8
D:3:      layout_basic, hangedman_ru_absence, uniq_terence, uniq_robin
D:4:      layout_gridville, minivault_14

Skill      XL: |  1  2  3 |
---------------+----------+-----
Stealth        | 1 |  1.5
Fighting       | 3 4 |  4.7
Short Blades   | |  2.6
Throwing       | |  1.7
Dodging        | |  2.6

Action                     |  1- 3 |  4- 6 || total
---------------------------+-------+-------++-------
  Melee: Rapier            |   155 |       ||   155
         Punch             |     1 |       ||     1
         Hand axe          |       |    56 ||    56
  Throw: Javelin           |     2 |     1 ||     3
         Throwing net      |     4 |     1 ||     5
  Evoke: Wand              |     3 |       ||     3
    Use: Scroll            |     9 |     1 ||    10
         Potion            |       |     2 ||     2
   Stab: Sleeping          |     2 |     3 ||     5
 Armour: Leather armour    |    51 |    40 ||    91
  Dodge: Dodged            |    92 |    66 ||   158

Table legend: (Time is in decaauts)
 A = Elapsed time spent in this place.
 B = Non-inter-level travel time spent in this place.
 C = Inter-level travel time spent in this place.
 D = Time resting spent in this place.
 E = Time spent auto-exploring this place.
 F = Levels seen in this place.
 G = Mean time per level.
                   A        B        C        D        E       F      G
               +--------+--------+--------+--------+--------+-----+--------+
         Total |   3366 |   3203 |    163 |    816 |   1841 |   4 |  841.5 |
       Dungeon |   3366 |   3203 |    163 |    816 |   1841 |   4 |  841.5 |
               +--------+--------+--------+--------+--------+-----+--------+

Top non-repeatable levels by time:
     D:3: 1494 daAuts
     D:1: 1093 daAuts
     D:2: 709 daAuts
     D:4: 68 daAuts
